 Dungeon Crawl Stone Soup version 0.30-a0-591-g3c58d2bc28 (webtiles) character file.

Game seed: 17635735624403376649

331 OTABOTABOTAB the Insei (level 6, 0/47 HPs)
             Began as a Gnoll Transmuter on Jan 4, 2023.
             Slain by a kobold
             ... wielding a +0 whip of pain
              (4 damage)
             ... on level 3 of the Dungeon.
             The game lasted 00:04:49 (2723 turns).

OTABOTABOTAB the Insei (Gnoll Transmuter)           Turns: 2723, Time: 00:04:50

Health: 0/47       AC:  4    Str: 14    XL:     6   Next: 52%
Magic:  14/14      EV: 13    Int: 14    God:
Gold:   209        SH:  0    Dex: 13    Spells: 5/15 levels left

rFire   . . .      SeeInvis .    g - +10 flail of Doom {flame, Drain rF- rC+ rCorr Str+5}
rCold   + . .      Faith    .    (no shield)
rNeg    . . .      Spirit   .    a - +0 robe
rPois   .          Reflect  .    d - +0 helmet
rElec   .          Harm     .    (no cloak)
rCorr   +          Rampage  .    (no gloves)
Will    .....                    b - +0 pair of boots
Stlth   ++                       (no amulet)
HPRegen 0.27/turn                F - ring of protection from fire {rF+, !d}
MPRegen 0.14/turn                (no ring)

@: no status effects
A: fangs 1, strong nose, distributed training
a: no special abilities


You were on level 3 of the Dungeon.
You visited 1 branch of the dungeon, and saw 3 of its levels.
You also visited: Sewer.

You collected 253 gold pieces.
You spent 44 gold pieces at shops.

Inventory:

Hand Weapons
 g - the +10 flail of Doom (weapon) {flame, Drain rF- rC+ rCorr Str+5}
   (You found it in a sewer)

   Str:       It affects your strength (+5).
   rF:        It makes you vulnerable to fire.
   rC:        It protects you from cold.
   rCorr:     It protects you from acid and corrosion.
   Drain:     It drains your maximum health when unequipped.
Missiles
 c - 4 poisoned darts
Armour
 a - a +0 robe (worn)
 b - a +0 pair of boots (worn)
   (You found it on level 2 of the Dungeon)
 d - a +0 helmet (worn)
   (You found it on level 2 of the Dungeon)
Jewellery
 i - an amulet of the acrobat
   (You found it on level 3 of the Dungeon)
 A - a ring of protection from fire {rF+, !d}
   (You took it off a goblin on level 3 of the Dungeon)
 F - a ring of protection from fire (left hand) {rF+, !d}
   (You found it on level 2 of the Dungeon)
Scrolls
 h - 2 scrolls of teleportation {unknown}
 r - 2 scrolls of identify {@r1}
 D - a scroll of blinking {!r}
 K - 2 scrolls of immolation {!r}
 V - 3 scrolls of vulnerability {!r!r}
Potions
 e - a potion of curing {unknown}
 f - a potion of heal wounds {unknown}
 H - 2 potions of haste
 M - 2 potions of might
 P - a potion of lignification {!q}
 T - a potion of berserk rage {!q}


   Skills:
 + Level 3.3 Fighting
 + Level 2.1 Short Blades
 + Level 2.1 Long Blades
 + Level 2.1 Axes
 + Level 2.1 Maces & Flails
 + Level 2.1 Polearms
 + Level 2.1 Staves
 + Level 2.1 Ranged Weapons
 + Level 2.1 Throwing
 + Level 2.1 Armour
 + Level 5.0 Dodging
 + Level 2.1 Stealth
 + Level 2.1 Shields
 + Level 6.9 Unarmed Combat
 + Level 5.4 Spellcasting
 + Level 1.6 Conjurations
 + Level 1.6 Hexes
 + Level 1.6 Summonings
 + Level 1.6 Necromancy
 + Level 1.6 Translocations
 + Level 4.1 Transmutations
 + Level 1.6 Fire Magic
 + Level 1.6 Ice Magic
 + Level 1.6 Air Magic
 + Level 1.6 Earth Magic
 + Level 1.6 Poison Magic
 + Level 2.3 Invocations
 + Level 2.1 Evocations


You had 5 spell levels left.
You knew the following spells:

 Your Spells              Type           Power      Damage    Failure   Level
a - Beastly Appendage     Tmut           30%        N/A       3%          1
b - Wereblood             Tmut           15%        N/A       4%          2
c - Spider Form           Tmut/Pois      11%        N/A       16%         3
d - Ice Form              Ice/Tmut       11%        N/A       45%         4

Your spell library contained the following spells:

 Spells                   Type           Power      Damage    Failure   Level
 Apportation              Tloc           16%        N/A       9%          1
 Freeze                   Ice            32%        1d5       9%          1
 Necrotise                Necr           32%        1d5       9%          1
 Summon Small Mammal      Summ           32%        N/A       9%          1
 Static Discharge         Conj/Air       16%        2-3/arc   13%         2
 Frozen Ramparts          Ice            16%        1d3       26%         3
 Hailstorm                Conj/Ice       8%         3d4       26%         3
 Vhi's Electric Charge    Tloc/Air       16%        N/A       26%         3
 Arcjolt                  Conj/Air       4%         1d14      93%         5
 Lightning Bolt           Conj/Air       4%         1d15      93%         5


Dungeon Overview and Level Annotations

Branches:
Dungeon (3/15)              Sewer (visited)

Altars:
Xom

Shops:
D:2 ?   D:3 *

Annotations:
D:3 Darkkill's ghost, amateur MiHu


Innate Abilities, Weirdness & Mutations

You have very sharp teeth.
Your uncanny sense of smell can sniff out nearby items.
Your experience applies equally to all skills.


Message History

The kobold shouts!
You hear a shout!
The kobold brigand shouts!
The kobold shouts! x3; You hear a shout!
The kobold shouts!
Things that are here:
a +0 club; a goblin corpse
There is an escape hatch in the floor here.
You see here a hobgoblin skeleton.
Found a stone staircase leading down.
No target in view!
There is a stone staircase leading down here.
A worm comes into view.
A worm is nearby!
The worm bites you but does no damage.
A worm is nearby!
You sock the worm! You burn the worm.
A worm is nearby!
You sock the worm! You burn the worm.
You kill the worm!
There is a stone staircase leading down here.
You see here a hobgoblin skeleton.
The kobold shouts! x3
The kobold shouts! x2
Darkkill's ghost lets out a mournful wail.
No reachable target in view!
No reachable target in view!
Could not explore, unopened runed door.
No reachable target in view!
Could not explore, unopened runed door.
No reachable target in view!
No reachable target in view!
Unknown command.
You open the gate.
The kobold throws a poisoned dart.
The poisoned dart closely misses you.
Darkkill's ghost whirls a spectral sling over its head.
The kobold brigand attacks as you move away!
The kobold brigand hits you but does no damage.
The kobold brigand throws a poisoned dart.
The poisoned dart hits you!
You are poisoned.
You feel very sick.
You take 3 damage, and have 44/47 hp.
You feel sick. The kobold attacks as you move away!
The kobold hits you with a +0 whip of distortion.
Space warps horribly around you!!
You feel sick.
You take 26 damage, and have 18/47 hp.
MASSIVE DAMAGE!!
You feel sick.
You take 1 damage, and have 17/47 hp.
The kobold attacks as you move away! The kobold hits you but does no damage.
Space warps around you.
* * * LOW HITPOINT WARNING * * *
You feel sick.
You take 6 damage, and have 11/47 hp.
You feel sick.
You take 1 damage, and have 10/47 hp.
You feel sick.
You take 1 damage, and have 9/47 hp.
You hit the kobold. You burn the kobold.
You kill the kobold!
You feel sick.
You are no longer poisoned.
You take 1 damage, and have 8/47 hp.
You swing at nothing.
The kobold brigand hits you but does no damage.
You sock the kobold brigand! You burn the kobold brigand.
The kobold brigand hits you with a +0 dagger of electrocution.
* * * LOW HITPOINT WARNING * * *
You take 5 damage, and have 4/47 hp.
You hit the kobold brigand. You burn the kobold brigand.
The kobold brigand hits you with a +0 dagger of electrocution.
* * * LOW HITPOINT WARNING * * *
You take 1 damage, and have 3/47 hp.
You hit the kobold brigand. You burn the kobold brigand.
The kobold brigand barely misses you.
Darkkill's ghost laughs crazily.
The kobold brigand closely misses you.
You closely miss the kobold brigand. You punch the kobold brigand.
You kill the kobold brigand!
The kobold throws a poisoned dart.
The poisoned dart barely misses you.
Your Short Blades skill increases to level 2!
Your Long Blades skill increases to level 2!
Your Axes skill increases to level 2!
Your Maces & Flails skill increases to level 2!
Your Polearms skill increases to level 2!
Your Staves skill increases to level 2!
Your Ranged Weapons skill increases to level 2!
Your Throwing skill increases to level 2!
Your Armour skill increases to level 2!
Your Stealth skill increases to level 2!
Your Shields skill increases to level 2!
Your Evocations skill increases to level 2!
You swing at nothing.
You thump the kobold! You burn the kobold.
You kill the kobold!
The kobold throws a stone.
The stone barely misses you.
You swing at nothing.
The kobold hits you with a +0 whip of pain.
You die...

### #.. #.. #### #.. ####
#..#####..
######W.###.##K⌠.##.
#..@KKKK.##.#K#.#.##
##.######K##KK..#...#
#..........K.KK..../#
#.........W#.'..#..$#
###.....)......#.#.#.##
#............#.##.⌠.###
##.####..##...#..#####..
##..#.#.#.#.#.#.######.#.
####.>#..................÷..


You could see Darkkill's ghost and 5 kobolds.

Vanquished Creatures
  A kobold brigand (D:3)
  2 bullfrogs (Sewer)
  4 adders
  A river rat (D:3)
  4 worms
  A dart slug (D:2)
  6 bats
  9 endoplasms
  11 giant cockroaches
  3 goblins
  3 hobgoblins
  5 kobolds
  6 quokkas
  6 ball pythons
  9 frilled lizards (Sewer)
  6 rats
77 creatures vanquished.

Notes
Turn   | Place    | Note
-------+----------+-------------------------------------------
     0 | D:1      | OTABOTABOTAB the Gnoll Transmuter began the quest for the
                  | Orb.
     0 | D:1      | Reached XP level 1. HP: 17/17 MP: 6/6
   157 | D:1      | Reached XP level 2. HP: 23/23 MP: 5/7
   160 | D:1      | Learned a level 2 spell: Wereblood
   205 | D:1      | Found a faded altar of an unknown god.
   612 | D:1      | You fall into a shaft and drop 1 floor!
   671 | D:2      | Reached skill level 5 in Spellcasting
   671 | D:2      | Reached XP level 3. HP: 28/28 MP: 7/9
   699 | D:2      | Found Joiqeru's Magic Scroll Shoppe.
   710 | D:2      | HP: 6/28 [worm (4)]
   813 | D:2      | Bought a scroll of identify for 24 gold pieces
   860 | D:2      | Reached skill level 1 in Invocations
   958 | D:2      | Reached skill level 1 in Short Blades
   958 | D:2      | Reached skill level 1 in Long Blades
   958 | D:2      | Reached skill level 1 in Axes
   958 | D:2      | Reached skill level 1 in Maces & Flails
   958 | D:2      | Reached skill level 1 in Polearms
   958 | D:2      | Reached skill level 1 in Staves
   958 | D:2      | Reached skill level 1 in Ranged Weapons
   958 | D:2      | Reached skill level 1 in Throwing
   958 | D:2      | Reached skill level 1 in Armour
   958 | D:2      | Reached skill level 1 in Stealth
   958 | D:2      | Reached skill level 1 in Shields
   958 | D:2      | Reached skill level 1 in Evocations
   962 | D:2      | Learned a level 3 spell: Spider Form
  1485 | D:2      | Found a shimmering altar of Xom.
  1591 | D:3      | Found Doporihe's General Store.
  1604 | D:3      | Found a glowing drain.
  1611 | D:3      | Bought a scroll of identify for 20 gold pieces
  1633 | D:3      | Reached XP level 4. HP: 33/34 MP: 7/11
  1651 | Sewer    | Entered a sewer
  1726 | Sewer    | Reached skill level 1 in Conjurations
  1726 | Sewer    | Reached skill level 1 in Hexes
  1726 | Sewer    | Reached skill level 1 in Summonings
  1726 | Sewer    | Reached skill level 1 in Necromancy
  1726 | Sewer    | Reached skill level 1 in Translocations
  1726 | Sewer    | Reached skill level 1 in Fire Magic
  1726 | Sewer    | Reached skill level 1 in Ice Magic
  1726 | Sewer    | Reached skill level 1 in Air Magic
  1726 | Sewer    | Reached skill level 1 in Earth Magic
  1726 | Sewer    | Reached skill level 1 in Poison Magic
  1863 | Sewer    | Learned a level 4 spell: Ice Form
  1918 | Sewer    | Noticed a bullfrog
  1925 | Sewer    | Noticed a bullfrog
  1929 | Sewer    | Killed a bullfrog
  1930 | Sewer    | Reached skill level 3 in Fighting
  1930 | Sewer    | Reached skill level 4 in Transmutations
  1930 | Sewer    | Reached XP level 5. HP: 38/41 MP: 6/12
  1937 | Sewer    | Reached skill level 2 in Invocations
  1937 | Sewer    | Reached XP level 6. HP: 35/47 MP: 3/13
  2061 | Sewer    | Identified the +10 flail of Doom {flame, Drain rF- rC+
                  | rCorr Str+5}
  2527 | D:3      | Reached skill level 5 in Dodging
  2527 | D:3      | Found a runed translucent gate.
  2527 | D:3      | Found a runed translucent gate.
  2527 | D:3      | Found a runed translucent gate.
  2538 | D:3      | Noticed Darkkill's ghost (amateur MiHu)
  2712 | D:3      | HP: 11/47 [kobold/+0 whip of distortion (6)]
  2717 | D:3      | HP: 4/47 [kobold brigand/+0 dagger of electrocution (5)]
  2721 | D:3      | Reached skill level 2 in Short Blades
  2721 | D:3      | Reached skill level 2 in Long Blades
  2721 | D:3      | Reached skill level 2 in Axes
  2721 | D:3      | Reached skill level 2 in Maces & Flails
  2721 | D:3      | Reached skill level 2 in Polearms
  2721 | D:3      | Reached skill level 2 in Staves
  2721 | D:3      | Reached skill level 2 in Ranged Weapons
  2721 | D:3      | Reached skill level 2 in Throwing
  2721 | D:3      | Reached skill level 2 in Armour
  2721 | D:3      | Reached skill level 2 in Stealth
  2721 | D:3      | Reached skill level 2 in Shields
  2721 | D:3      | Reached skill level 2 in Evocations
  2723 | D:3      | Slain by a kobold

Illustrated notes

Levels and vault maps discovered:
D:1:      elethiomel_arrival_infinity_welcomes_careful_drivers, layout_rooms,
          hellmonk_ecumenical_altar_blasted
D:2:      layout_basic, basic_altar, serial_shops, shop_fountains, hex_large
D:3:      layout_rooms, marbit_many_paths, gammafunk_ghost_nasty_kobolds,
          serial_shops, shop_coins, portal_sewer_entry_c, st_stairs_10

Skill      XL: |  1  2  3  4  5  6 |
---------------+-------------------+-----
Spellcasting   | 5 |  5.4
Invocations    | 1 2 |  2.3
Short Blades   | 1 2 |  2.1
Long Blades    | 1 2 |  2.1
Axes           | 1 2 |  2.1
Maces & Flails | 1 2 |  2.1
Polearms       | 1 2 |  2.1
Staves         | 1 2 |  2.1
Ranged Weapons | 1 2 |  2.1
Throwing       | 1 2 |  2.1
Armour         | 1 2 |  2.1
Stealth        | 1 2 |  2.1
Shields        | 1 2 |  2.1
Evocations     | 1 2 |  2.1
Conjurations   | 1 |  1.6
Hexes          | 1 |  1.6
Summonings     | 1 |  1.6
Necromancy     | 1 |  1.6
Translocations | 1 |  1.6
Fire Magic     | 1 |  1.6
Ice Magic      | 1 |  1.6
Air Magic      | 1 |  1.6
Earth Magic    | 1 |  1.6
Poison Magic   | 1 |  1.6
Fighting       | 3 |  3.3
Transmutations | 4 |  4.1
Dodging        | 5 |  5.0
Unarmed Combat | |  6.9

Action                   |  1- 3 |  4- 6 || total
-------------------------+-------+-------++-------
Melee: Unarmed           |    91 |    95 ||   186
       Headbutt          |     5 |       ||     5
       Kick              |     7 |       ||     7
       Punch             |     2 |     2 ||     4
       Bite              |     7 |     6 ||    13
       Flail             |       |    18 ||    18
Throw: Stone             |    19 |       ||    19
 Cast: Beastly Appendage |    16 |     1 ||    17
       Spider Form       |     1 |     6 ||     7
       Wereblood         |       |     1 ||     1
 Abil: End Transformatio |    14 |     4 ||    18
  Use: Scroll            |     4 |       ||     4
 Stab: Sleeping          |       |     1 ||     1
Armor: Robe              |    12 |    17 ||    29
       Skin              |     1 |       ||     1
Dodge: Dodged            |    55 |    87 ||   142

Table legend: (Time is in decaauts)
 A = Elapsed time spent in this place.
 B = Non-inter-level travel time spent in this place.
 C = Inter-level travel time spent in this place.
 D = Time resting spent in this place.
 E = Time spent auto-exploring this place.
 F = Levels seen in this place.
 G = Mean time per level.
                   A        B        C        D        E       F      G
               +--------+--------+--------+--------+--------+-----+--------+
         Total |   2790 |   2776 |     14 |      0 |   2178 |   4 |  697.5 |
       Dungeon |   2099 |   2085 |     14 |      0 |   1696 |   3 |  699.7 |
         Sewer |    690 |    690 |      0 |      0 |    481 |   1 |  690.0 |
               +--------+--------+--------+--------+--------+-----+--------+

Top non-repeatable levels by time:
     D:2: 902 daAuts
   Sewer: 690 daAuts
     D:1: 608 daAuts
     D:3: 588 daAuts

Table legend:
 A = Kills in this place as a percentage of kills in entire the game.
 B = Kills by you in this place as a percentage of kills by you in the entire game.
 C = Kills by friends in this place as a percentage of kills by friends in the entire game.
 D = Other kills in this place as a percentage of other kills in the entire game.
 E = Experience gained in this place as a percentage of experience gained in the entire game.
 F = Experience gained in this place divided by the number of levels of this place that you have seen.
                   A       B       C       D       E      F
               +-------+-------+-------+-------+-------+----------------------
         Total | 100.0 | 100.0 |   N/A |   N/A | 100.0 | 118.5
       Dungeon |  68.8 |  68.8 |   N/A |   N/A |  49.8 |  78.7
         Sewer |  31.2 |  31.2 |   N/A |   N/A |  50.2 | 238.0
               +-------+-------+-------+-------+-------+----------------------
